 Dungeon Crawl Stone Soup version 0.28.0 (webtiles) character file.

Game seed: 13049371508286091150

63 cbfl8 the Sneak (level 3, -1/33 HPs)
             Began as a Minotaur Delver on Feb 13, 2022.
             Was an Initiate of Yredelemnul.
             Killed by divine providence
             ... invoked by an orc priest
              (11 damage)
             ... on level 6 of the Dungeon.
             The game lasted 00:00:42 (427 turns).

cbfl8 the Sneak (Minotaur Delver)                    Turns: 427, Time: 00:00:44

Health: -1/33      AC:  8    Str: 18    XL:     3   Next: 89%
Magic:  2/2        EV:  7    Int:  7    God:    Yredelemnul [......]
Gold:   0          SH:  0    Dex: 11    Spells: 2/2 levels left

rFire   . . .      SeeInvis .   a - +0 hand axe
rCold   . . .      Faith    .   (no shield)
rNeg    . . .      Spirit   .   h - +0 chain mail
rPois   .          Reflect  .   (helmet restricted)
rElec   .          Harm     .   (no cloak)
rCorr   .          Rampage  .   (no gloves)
Will    .....                   (no boots)
Stlth   ..........              (no amulet)
HPRegen 0.11/turn               (no ring)
MPRegen 0.08/turn               (no ring)

@: no status effects
A: horns 2, retaliatory headbutt
a: Renounce Religion, Recall Undead Harvest


You were on level 6 of the Dungeon.
You worshipped Yredelemnul.
Yredelemnul was noncommittal.
You visited 1 branch of the dungeon, and saw 2 of its levels.

Inventory:

Hand Weapons
 a - a +0 hand axe (weapon)
Armour
 b - a +0 leather armour
 h - a +0 chain mail (worn)
Wands
 g - a wand of digging (3)
Scrolls
 c - 2 scrolls of fog
 d - a scroll of magic mapping
 e - a scroll of fear
 i - a scroll of teleportation {unknown}
Potions
 f - a potion of haste


   Skills:
 + Level 4.1 Fighting
 + Level 2.8 Axes
 + Level 2.3 Dodging
 + Level 5.0 Stealth


You had 2 spell levels left.
You didn't know any spells.
Your spell library was empty.

Dungeon Overview and Level Annotations

Branches:
Dungeon (6/15)
 Temple: D:4-7

Altars:
Yredelemnul


Innate Abilities, Weirdness & Mutations

You have a pair of horns on your head.
You reflexively headbutt those who attack you in melee.


Message History

You kill the bullfrog!
A black mist starts to gather...
Your Fighting skill increases to level 4!
Your Stealth skill increases to level 5!
You have reached level 2!
You have reached level 3!
Your experience leads to an increase in your attributes!
Increase (S)trength, (I)ntelligence, or (D)exterity?
You feel stronger. x2
You start resting.
HP restored.
Found a stone staircase leading down.
Found a stone staircase leading down.
Found a scroll labelled RUOQ PAPHIED.
i - a scroll labelled RUOQ PAPHIED
Found a dagger.
You swap places.
You see here a +0 dagger.
An orc wizard comes into view. It is wielding a +0 dagger.
The orc wizard shouts!
You hear a shout! x2
The orc wizard points at you and mumbles some strange words.
The magic dart hits you!
You hit the orc wizard.
The orc wizard is moderately wounded.
The orc wizard casts a spell at you. The puff of flame hits you.
You hit the orc wizard.
You headbutt the orc wizard, but do no damage.
The orc wizard is heavily wounded.
An orc priest comes into view. It is wielding a +0 hand axe.
The orc wizard hits you but does no damage.
You hit the orc wizard but do no damage.
The orc wizard is heavily wounded.
The orc priest mumbles some strange prayers to Beogh against you.
Beogh smites you!
The orc wizard hits you but does no damage.
The orc priest invokes the aid of Beogh against you.
Beogh smites you!
You die...
Your body rises from the dead as a mindless zombie.

### ..# ##.######
#.......# ##..# #.#
#o####### ....# #.#
#...o@Z.#
###.####.#########.#
###......>.....# #.##
#......>...###.###).#
.................##.#
#.#.####.#.###.#.##.#
#.#.# #.....#.#.##.#
....#
#.....#.#.##.########
###.#
#...................#


You could see an orc priest, an orc wizard (ally target) and a friendly bullfrog
zombie.

Vanquished Creatures
  A bullfrog (D:6)
  An orc (D:6)
2 creatures vanquished.

Notes
Turn   | Place    | Note
-------+----------+-------------------------------------------
     0 | D:5      | cbfl8 the Minotaur Delver began the quest for the Orb.
     0 | D:5      | Reached XP level 1. HP: 19/19 MP: 0/0
     3 | D:5      | Noticed an ogre
    62 | D:6      | Found a basalt altar of Yredelemnul.
    73 | D:6      | Became a worshipper of Yredelemnul the Dark
    87 | D:6      | Noticed a bullfrog
    95 | D:6      | HP: 1/20 [bullfrog (4)]
    96 | D:6      | Killed a bullfrog
    97 | D:6      | Reached skill level 5 in Stealth
    97 | D:6      | Reached XP level 2. HP: 2/27 MP: 1/1
    97 | D:6      | Reached XP level 3. HP: 3/33 MP: 2/2
   427 | D:6      | Killed from afar by an orc priest

Illustrated notes

Levels and vault maps discovered:
D:5:      layout_loops_cross, gammafunk_ghost_cemetery,
          chequers_serial_rivers_small_a
D:6:      layout_loops_ring, yredelemnul_altar_generic,
          nicolae_ashenzari_panopticon, minmay_misc_feat_roman, uniq_maggie

Skill      XL: |  1 |
---------------+----+-----
Fighting       | 4 |  4.1
Stealth        | 5 |  5.0
Axes           | |  2.8
Dodging        | |  2.3

Action                   || total
-------------------------++-------
Melee: Hand axe          ||    11
       Headbutt          ||     3
       Punch             ||     1
Armor: Chain mail        ||     6
Dodge: Dodged            ||     4
